 Dungeon Crawl Stone Soup version 0.26-a0-317-ge2f3d4a7ca (webtiles) character file.

Game seed: 6565921214272573910

1606 MrRokkomies the Sneak (level 8, -6/36 HPs)
             Began as a Spriggan Venom Mage on July 16, 2020.
             Mangled by an orc warrior
             ... wielding a +0 war axe
              (18 damage)
             ... on level 7 of the Dungeon.
             The game lasted 00:19:59 (7752 turns).

MrRokkomies the Sneak (Spriggan Venom Mage)         Turns: 7752, Time: 00:19:59

Health: -6/36      AC:  4    Str: 12    XL:     8   Next: 63%
Magic:  13/13      EV: 19    Int: 17    God:
Gold:   395        SH:  6    Dex: 16    Spells: 1/12 levels left

rFire    . . .     SeeInvis +   a - +1 mace
rCold    . . .     Faith    .   e - +0 buckler
rNeg     . . .     Spirit   .   h - +2 robe
rPois    .         Reflect  .   (helmet restricted)
rElec    .         Harm     .   (no cloak)
rCorr    .                      (gloves unavailable)
MR       +....                  (boots unavailable)
Stlth    ++++......             l - amulet of magic regeneration
HPRegen  0.12/turn              i - +6 ring of strength
MPRegen  0.38/turn              (no ring)

@: lethally poisoned (-6 -> -9), very quick
A: very small, unfitting armour, see invisible, speed 3
a: no special abilities


You were on level 7 of the Dungeon.
You visited 2 branches of the dungeon, and saw 8 of its levels.

You collected 395 gold pieces.

Inventory:

Hand Weapons
 a - a +1 mace (weapon)
Missiles
 p - a throwing net (quivered)
 z - 47 arrows
Armour
 e - a +0 buckler (worn)
 h - a +2 robe (worn)
Magical Staves
 b - an uncursed staff of air
Jewellery
 d - an uncursed amulet of faith
 g - an uncursed ring of ice
 i - a +6 ring of strength (left hand)
 l - an amulet of magic regeneration (around neck)
Wands
 j - a wand of iceblast (17)
 B - a wand of paralysis (7)
Scrolls
 t - a scroll of magic mapping
 u - a scroll of teleportation
 v - a scroll of amnesia {unknown}
 w - a scroll of enchant armour
 x - a scroll of remove curse
 y - a scroll of fear
 C - a scroll of identify
Potions
 c - 4 potions of curing
 f - 4 potions of lignification {unknown}
 k - a potion of magic {unknown}
 m - a potion of invisibility {unknown}
 n - 2 potions of heal wounds
 o - a potion of flight {unknown}
 q - 4 potions of mutation
 r - 4 potions of haste {unknown}
 s - a potion of degeneration {unknown}
 A - a potion of brilliance {unknown}


   Skills:
 - Level 4.8 Dodging
 + Level 7.4 Stealth
 + Level 2.3 Shields
 - Level 2.6 Spellcasting
 - Level 5.1 Transmutations
 * Level 4.4 Air Magic
 * Level 7.0 Poison Magic


You had one spell level left.
You knew the following spells:

 Your Spells              Type           Power        Failure   Level
a - Sting                 Tmut/Pois      ###.         1%          1
b - Poisonous Vapours     Pois/Air       ###...       3%          2
c - Mephitic Cloud        Conj/Pois/Air  ###.....     16%         3
d - Ignite Poison         Fire/Tmut/Pois ###.....     14%         3
e - Sticks to Snakes      Tmut           ###.....     4%          2

Your spell library contained the following spells:

 Spells                   Type           Power        Failure   Level
 Beastly Appendage        Tmut           ###...       3%          1
 Spider Form              Tmut/Pois      ###.......   6%          3
 Olgreb's Toxic Radiance  Pois           ####....     14%         4
 Blade Hands              Tmut           ###.......   63%         5
 Ice Form                 Ice/Tmut       ##......     65%         4


Dungeon Overview and Level Annotations

Branches:
Dungeon (7/15)             Temple (1/1) D:6

Altars:
Ashenzari
Cheibriados
Fedhas
Hepliaklqana
Kikubaaqudgha
Makhleb
Nemelex Xobeh
Qazlal
Ru
Trog
Uskayaw
Wu Jian
Xom
Yredelemnul
Zin
The Shining One

Shops:
D:4 (


Innate Abilities, Weirdness & Mutations

You are very small and have problems with some larger weapons.
You are too small for most types of armour.
You have supernaturally acute eyesight. (SInv)
You cover ground extremely quickly.


Message History

You miss the adder.
The adder is moderately wounded.
The adder misses you. The adder bites you.
You miss the adder.
The adder is moderately wounded.
The adder closely misses you. The adder bites you.
You sock the adder!
The adder is almost dead.
The adder misses you. x2
You barely miss the adder.
The adder is almost dead.
The adder misses you. The adder bites you.
You are poisoned.
The adder poisons you!
You hit the adder.
You kill the adder!
You feel sick.
The orc warrior hits you with a +0 war axe!!
Ouch! That really hurt!
You die...

#..........#.........#
#.#........#...#######
#.#........#...# ..
#.#........#...# .#
#.##########...# .#
#.# #...# .# #.##
#.####.#### ...#
#.........# ####
#...o@....#
#.........#
############.........#
........†..#....#..###
.....#####.##.#......
.....#####.##.#.##.#.#
.....#.†...##.... .#.#
.....#.....##....#.# #
.....#.....#


You could see an orc warrior.

Vanquished Creatures
  Sigmund (D:2)
  An ice beast (D:5)
  A sky beast (D:4)
  3 ogres
  2 centaurs
  2 bullfrogs
  3 scorpions (D:4)
  A hound (D:4)
  2 orc priests
  3 orc wizards
  3 iguanas
  3 worker ants (D:4)
  A worker ant zombie (D:5)
  3 gnolls (D:3)
  7 adders
  A shadow imp (D:5)
  An ufetubus (D:5)
  3 oozes
  An adder zombie (D:4)
  An adder skeleton (D:5)
  A worm (D:4)
  6 leopard geckos
  13 orcs
  A ball python (D:5)
  4 giant cockroaches
  9 goblins
  13 hobgoblins
  2 jackals (D:2)
  3 quokkas
  4 bats
  2 frilled lizards
  7 kobolds
  3 rats (D:3)
111 creatures vanquished.

Vanquished Creatures (collateral kills)
  A white imp (D:7)
  An orc (D:7)
2 creatures vanquished.

Grand Total: 113 creatures vanquished

Notes
Turn   | Place    | Note
-------+----------+-------------------------------------------
     0 | D:1      | MrRokkomies the Spriggan Venom Mage began the quest for the
                  | Orb.
     0 | D:1      | Reached XP level 1. HP: 9/9 MP: 5/5
   672 | D:2      | Reached XP level 2. HP: 13/13 MP: 4/6
   676 | D:2      | Learned a level 2 spell: Poisonous Vapours
  1084 | D:2      | Noticed Sigmund
  1091 | D:2      | Killed Sigmund
  1091 | D:2      | Reached XP level 3. HP: 9/16 MP: 8/8
  1091 | D:2      | Reached XP level 4. HP: 11/21 MP: 9/9
  1091 | D:2      | Reached XP level 5. HP: 13/24 MP: 10/10
  1877 | D:2      | Learned a level 3 spell: Mephitic Cloud
  1881 | D:2      | Learned a level 3 spell: Ignite Poison
  2246 | D:3      | Reached XP level 6. HP: 28/28 MP: 1/11
  2342 | D:3      | Found a hazy altar of Hepliaklqana.
  2393 | D:3      | Reached skill level 5 in Stealth
  2519 | D:3      | Found a shimmering altar of Xom.
  2916 | D:3      | Reached skill level 5 in Transmutations
  3517 | D:4      | Reached skill level 5 in Poison Magic
  3619 | D:4      | Reached skill level 1 in Air Magic
  3799 | D:4      | Reached XP level 7. HP: 32/32 MP: 9/12
  3890 | D:4      | Found Alieqi's Antique Weapon Shop.
  3975 | D:4      | Reached skill level 1 in Shields
  4916 | D:5      | Entered Level 5 of the Dungeon
  5338 | D:5      | Found an ornate altar of the Wu Jian Council.
  5369 | D:5      | Reached XP level 8. HP: 34/36 MP: 7/13
  5662 | D:6      | Learned a level 2 spell: Sticks to Snakes
  5868 | D:6      | Found a staircase to the Ecumenical Temple.
  5875 | Temple   | Entered the Ecumenical Temple
  6511 | D:6      | Found a glowing silver altar of Zin.
  7752 | D:7      | Mangled by an orc warrior

Illustrated notes

Levels and vault maps discovered:
D:1:      dpeg_arrival_shelter, layout_basic
D:2:      cheibrodos_greedy_goblins, layout_basic, uniq_sigmund
D:3:      layout_basic, old_standard_altar, marbit_many_paths
D:4:      layout_loops_corners, serial_shops, nicolae_shop_behind_doors,
          minmay_misc_feat_chi
D:5:      layout_loops_cross, basic_altar
D:6:      layout_loops_corners, zin_academy, temple_green, nrook_mini_vaults,
          st_stairs_12, grunt_ministairs_9
D:7:      layout_basic
Temple:   cyrus_circular_temple

Skill      XL: |  1  2  3  4  5  6  7  8 |
---------------+-------------------------+-----
Transmutations | 2 4 5 |  5.1
Dodging        | 4 |  4.8
Stealth        | 4 5 6 7 |  7.4
Poison Magic   | 4 5 6 7 |  7.0
Air Magic      | 1 3 4 |  4.4
Shields        | 1 2 |  2.3
Spellcasting   | |  2.6

Action                   |  1- 3 |  4- 6 |  7- 9 || total
-------------------------+-------+-------+-------++-------
Melee: Mace              |    29 |   134 |   159 ||   322
       Unarmed           |     2 |       |       ||     2
 Cast: Sting             |    10 |    23 |    10 ||    43
       Poisonous Vapours |       |    22 |    46 ||    68
       Mephitic Cloud    |       |       |     2 ||     2
       Ignite Poison     |       |       |     1 ||     1
       Sticks to Snakes  |       |       |     2 ||     2
Evoke: Wand              |     2 |     2 |       ||     4
  Use: Scroll            |     3 |     7 |     2 ||    12
       Potion            |     1 |     1 |     2 ||     4
 Stab: Sleeping          |     2 |     9 |    11 ||    22
Armor: Robe              |     7 |    17 |    26 ||    50
Dodge: Dodged            |    33 |   192 |   196 ||   421
Block: Buckler           |       |     1 |    61 ||    62

Table legend:
 A = Non-vault XP
 B = Vault XP
 C = Vault XP percentage of total XP
 D = Non-vault monster count
 E = Vault monster count
 F = Vault count percentage of total count
                 A         B        C        D         E       F
            +---------+---------+-------+---------+---------+-------
      Total |    2043 |     252 |  11.0 |     102 |      11 |   9.7
            +---------+---------+-------+---------+---------+-------
        D:1 |      11 |       0 |   0.0 |       3 |       0 |   0.0
        D:2 |      45 |     245 |  84.5 |      22 |       8 |  26.7
        D:3 |     229 |       2 |   0.9 |      28 |       1 |   3.4
        D:4 |     640 |       0 |   0.0 |      17 |       0 |   0.0
        D:5 |     311 |       0 |   0.0 |      11 |       0 |   0.0
        D:6 |     527 |       5 |   0.9 |      14 |       2 |  12.5
        D:7 |     280 |       0 |   0.0 |       7 |       0 |   0.0
            +---------+---------+-------+---------+---------+-------
